 Dungeon Crawl Stone Soup version 0.28-a0-247-gb8bfbab023 (webtiles) character file.

Game seed: 17218706725423554174

97 siradein the Grave Robber (level 4, -2/36 HPs)
             Began as a Deep Dwarf Necromancer on Aug 25, 2021.
             Killed from afar by Sigmund (7 damage)
             ... with a magic dart
             ... on level 4 of the Dungeon.
             The game lasted 00:07:52 (3928 turns).

siradein the Grave Robber (Deep Dwarf Necromancer)  Turns: 3928, Time: 00:07:53

Health: -2/36      AC:  2    Str: 11    XL:     4   Next: 42%
Magic:  2/8        EV: 12    Int: 17    God:
Gold:   82         SH:  0    Dex: 13    Spells: 5/9 levels left

rFire   . . .      SeeInvis .   h - staff of poison
rCold   . . .      Faith    .   (no shield)
rNeg    + . .      Spirit   .   a - +0 robe
rPois   +          Reflect  .   (no helmet)
rElec   .          Harm     .   (no cloak)
rCorr   .          Rampage  .   (no gloves)
Will    .....                   (no boots)
Stlth   ++........              (no amulet)
HPRegen 0.00/turn               d - ring of positive energy
MPRegen 0.11/turn               (no ring)

@: no status effects
A: damage resistance, heal wounds, sense surroundings 1, no regeneration
a: Heal Wounds


You were on level 4 of the Dungeon.
You visited 1 branch of the dungeon, and saw 4 of its levels.

You collected 82 gold pieces.

Inventory:

Armour
 a - a +0 robe (worn)
Magical Staves
 h - a staff of poison (weapon)
Jewellery
 d - a ring of positive energy (left hand)
Scrolls
 b - a scroll of enchant armour {unknown}
 c - a scroll of vulnerability {unknown}
 e - 3 scrolls of teleportation {unknown}
 g - a scroll of identify {unknown}
 k - a scroll of summoning {unknown}
 m - a scroll of amnesia {unknown}
 o - a scroll of holy word {unknown}
Potions
 f - a potion of curing {unknown}
 i - a potion of magic {unknown}
 j - a potion of heal wounds {unknown}
 l - a potion of brilliance {unknown}
 n - a potion of invisibility {unknown}


   Skills:
 - Level 2.1 Dodging
 - Level 2.4 Stealth
 + Level 3.1 Spellcasting
 + Level 5.5 Necromancy


You had 5 spell levels left.
You knew the following spells:

 Your Spells              Type           Power      Damage    Failure   Level
a - Pain                  Necr           84%        1d8       1%          1
b - Vampiric Draining     Necr           10%        2d7       5%          3

Your spell library contained the following spells:

 Spells                   Type           Power      Damage    Failure   Level
 Animate Skeleton         Necr           42%        N/A       1%          1
 Animate Dead             Necr           10%        N/A       19%         4
 Dispel Undead            Necr           21%        3d11      19%         4
 Static Discharge         Conj/Air       2%         N/A       26%         2
 Agony                    Necr           21%        N/A       45%         5
 Sticky Flame             Conj/Fire      2%         2d3       86%         4


Dungeon Overview and Level Annotations

Branches:
Dungeon (4/15)
 Temple: D:4-7

Altars:

Shops:
D:1 *!

Annotations:
D:4 Sigmund


Innate Abilities, Weirdness & Mutations

You are resistant to damage.
You can heal yourself by infusing magical energy.
You passively map a small area around you.
You do not regenerate.


Message History

You draw life force from something.
You feel life coursing into your body.
Casting: Vampiric Draining (dangerous; 5% risk of failure)
Confirm with . or Enter, or press ? or * to list all spells.
Aiming: Vampiric Draining (dangerous; 5% risk of failure)
Press: ? - help, Shift-Dir - straight line You draw life force from something!
You feel life coursing into your body. Something barely misses you.
You closely miss something. Something hits you but does no damage.
You hit something.
You hear some strange, mumbled words.
A puff of flame appears from out of thin air!
The puff of flame misses you.
You barely miss something. Something barely misses you.
You barely miss something. Something hits you.
You closely miss something. You hit something.
Something hits you but does no damage.
You miss something.
You hear some strange, mumbled words.
Something tries to affect you, but you resist.
You hit something but do no damage.
You hear some strange, mumbled words.
A puff of flame appears from out of thin air!
The puff of flame misses you.
You barely miss something. Something hits you!
You hit something but do no damage.
You hear some strange, mumbled words.
A magic dart appears from out of thin air!
The magic dart hits you.
You miss something. Something hits you.
You miss something. Something hits you!
Casting: Vampiric Draining (dangerous; 5% risk of failure)
Confirm with . or Enter, or press ? or * to list all spells.
You don't have enough magic to cast this spell.
You hit something. Something hits you!
* * * LOW HITPOINT WARNING * * *
You closely miss something.
You hear some strange, mumbled words.
A magic dart appears from out of thin air!
The magic dart hits you!
You die...

##########
#$.......#
#....$...#
#........#
#....$...# * *
#......<.#####.
#.........:....
, ,
#........#####.
#......@.#
#......{.#
#........# , *
,#......... , ,
* * #.....#####
* , , #.....
#.....* ,
...).. *


There were no monsters in sight!

Vanquished Creatures
  Ijyb (D:3)
  An adder (D:2)
  3 dart slugs
  7 ball pythons
  An endoplasm (D:2)
  A giant cockroach (D:1)
  2 goblins
  A hobgoblin (D:2)
  4 jackals (D:1)
  12 kobolds
  6 quokkas
  6 bats
  7 frilled lizards
  6 rats
58 creatures vanquished.

Vanquished Creatures (others)
  9 plants (D:1)
9 creatures vanquished.

Grand Total: 67 creatures vanquished

Notes
Turn   | Place    | Note
-------+----------+-------------------------------------------
     0 | D:1      | siradein the Deep Dwarf Necromancer began the quest for the
                  | Orb.
     0 | D:1      | Reached XP level 1. HP: 15/15 MP: 3/3
   288 | D:1      | Reached XP level 2. HP: 16/22 MP: 1/5
   805 | D:1      | Found a faded altar of an unknown god.
  1025 | D:1      | Found Gaqei's Distillery.
  1223 | D:1      | Reached skill level 5 in Necromancy
  1232 | D:1      | Reached XP level 3. HP: 20/28 MP: 1/6
  1531 | D:1      | Learned a level 3 spell: Vampiric Draining
  1538 | D:1      | Found Gulle's General Store.
  3346 | D:3      | Noticed Ijyb
  3381 | D:3      | Killed Ijyb
  3382 | D:3      | Reached XP level 4. HP: 27/36 MP: 0/8
  3906 | D:4      | Noticed Sigmund
  3928 | D:4      | Killed from afar by Sigmund

Illustrated notes

Levels and vault maps discovered:
D:1:      minmay_arrival_split_and_join, layout_loops_corners, serial_shops,
          nicolae_lakefront_shop, shop,
          hellmonk_ecumenical_altar_pennies_from_heaven, nrook_uturn,
          lexackson_kobold_supper
D:2:      layout_loops_corners, serial_forest, infiniplex_forest_end_1,
          infiniplex_forest_end_double, infiniplex_forest_lined_3,
          infiniplex_forest_lined_room_, infiniplex_forest_diagonal,
          infiniplex_forest_lined_room_, infiniplex_forest_lined_3_way,
          infiniplex_forest_lined_room_3, kennysheep_nub
D:3:      layout_basic, kennysheep_small_spiral, hangedman_decor_diamond_cutter,
          uniq_ijyb
D:4:      layout_rooms, portal_sewer_entry_b, uniq_grinder, uniq_sigmund,
          uniq_edmund

Skill      XL: |  1  2  3 |
---------------+----------+-----
Spellcasting   | 2 3 |  3.1
Necromancy     | 5 |  5.5
Dodging        | |  2.1
Stealth        | |  2.4

Action                   |  1- 3 |  4- 6 || total
-------------------------+-------+-------++-------
Melee: Unarmed           |     7 |       ||     7
       Staff             |     7 |    21 ||    28
 Cast: Pain              |    98 |     4 ||   102
       Vampiric Draining |     2 |     4 ||     6
Armor: Robe              |     5 |     6 ||    11
Dodge: Dodged            |    22 |    12 ||    34

Table legend: (Time is in decaauts)
 A = Elapsed time spent in this place.
 B = Non-inter-level travel time spent in this place.
 C = Inter-level travel time spent in this place.
 D = Time resting spent in this place.
 E = Time spent auto-exploring this place.
 F = Levels seen in this place.
 G = Mean time per level.
                   A        B        C        D        E       F      G
               +--------+--------+--------+--------+--------+-----+--------+
         Total |   3933 |   3830 |    103 |      0 |   3427 |   4 |  983.2 |
       Dungeon |   3933 |   3830 |    103 |      0 |   3427 |   4 |  983.2 |
               +--------+--------+--------+--------+--------+-----+--------+

Top non-repeatable levels by time:
     D:1: 1811 daAuts
     D:2: 1210 daAuts
     D:3: 887 daAuts
     D:4: 23 daAuts
